 Dungeon Crawl Stone Soup version 0.29-a0-1014-ga8c0faee3b (webtiles) character file.

Game seed: 13722142869392964566

121 Ijustatesigmund the Digger (level 5, -1/31 HPs)
             Began as an Octopode Earth Elementalist on Aug 9, 2022.
             Killed from afar by an orc wizard (7 damage)
             ... with a magic dart
             ... on level 3 of the Dungeon.
             The game lasted 00:05:21 (3009 turns).

Ijustatesigmund the Digger (OpEE)                   Turns: 3009, Time: 00:05:21

Health: -1/31      AC:  1    Str:  7    XL:     5   Next: 5%
Magic:  10/10      EV: 13    Int: 19    God:
Gold:   150        SH:  0    Dex: 13    Spells: 5/11 levels left

rFire   . . .      SeeInvis .   b - +0 morningstar
rCold   . . .      Faith    .   (no shield)
rNeg    . . .      Spirit   .   (helmet restricted)
rPois   +          Reflect  .   (no amulet)
rElec   .          Harm     .   c - ring of poison resistance
rCorr   .          Rampage  .   (no ring)
Will    .....                   (no ring)
Stlth   +++.......              (no ring)
HPRegen 0.10/turn               (no ring)
MPRegen 0.12/turn               (no ring)
                                (no ring)
                                (no ring)

@: mighty
A: almost no armour, amphibious, 8 rings, camouflage 1, gelatinous body 1,
(nimble swimmer 1), tentacles
a: no special abilities


You were on level 3 of the Dungeon.
You visited 1 branch of the dungeon, and saw 4 of its levels.

You collected 150 gold pieces.

Inventory:

Hand Weapons
 b - a +0 morningstar (weapon)
Jewellery
 c - a ring of poison resistance (left tentacle)
Scrolls
 j - a scroll of fear {unknown}
 k - a scroll of teleportation
Potions
 a - a potion of magic
 e - a potion of brilliance {unknown}
 f - a potion of heal wounds
 g - a potion of flight {unknown}
 h - a potion of mutation {unknown}
 i - a potion of degeneration {unknown}
 l - 2 potions of might


   Skills:
 - Level 2.0 Dodging
 - Level 2.6 Stealth
 + Level 3.5 Spellcasting
 + Level 2.2 Conjurations
 - Level 1.0 Transmutations
 - Level 3.6 Earth Magic


You had 5 spell levels left.
You knew the following spells:

 Your Spells              Type           Power      Damage    Failure   Level
a - Sandblast             Erth           34%        2d9       3%          1
b - Stone Arrow           Conj/Erth      28%        3d8       13%         3
c - Passwall              Tmut/Erth      10%        N/A       9%          2

Your spell library contained the following spells:

 Spells                   Type           Power      Damage    Failure   Level
 Ensorcelled Hibernation  Hex/Ice        6%         N/A       22%         2
 Call Canine Familiar     Summ           3%         N/A       41%         3
 Portal Projectile        Hex/Tloc       6%         N/A       41%         3
 Swiftness                Air            3%         N/A       41%         3
 Petrify                  Tmut/Erth      12%        N/A       50%         4
 Leda's Liquefaction      Hex/Erth       5%         N/A       56%         4


Dungeon Overview and Level Annotations

Branches:
Dungeon (4/15)
 Temple: D:4-7

Altars:
Hepliaklqana

Shops:
D:1 (


Innate Abilities, Weirdness & Mutations

You cannot wear most types of armour.
You are amphibious.
You can wear up to eight rings at the same time.
Your skin changes colour to match your surroundings (Stealth+).
Your rubbery body absorbs attacks. (AC +1, EV +1)
((You are camouflaged when in or above water. (Stealth+)))
You have tentacles for arms and can constrict up to eight enemies at once.


Message History

The puff of flame misses you.
You feel much better.
You feel sick.
You hear some strange, mumbled words.
A magic dart appears from out of thin air!
The magic dart hits you!
You miss something.
You feel sick.
You are no longer poisoned.
You hear some strange, mumbled words.
You are confused.
You hear some strange, mumbled words.
You are more confused.
You miss something. Something hits you.
You hear some strange, mumbled words.
You are more confused.
You completely miss something. Something hits you.
You're too confused to move!
Something barely misses you.
It was a potion of might.
You feel very mighty all of a sudden. Something hits you.
You completely miss something. Something hits you.
You are poisoned.
Something hits you.
* * * LOW HITPOINT WARNING * * *
You feel better. Something hits you.
You miss something. Something hits you.
You barely miss something.
You hear some strange, mumbled words.
You are confused.
Something hits you.
You feel better. Something hits you.
You barely miss something.
You hear some strange, mumbled words.
A puff of flame appears from out of thin air!
The puff of flame hits you!
* * * LOW HITPOINT WARNING * * *
You miss something. Your squeeze misses something.
You hear some strange, mumbled words.
A magic dart appears from out of thin air!
The magic dart hits you!
You die...

##.... #########.... #.
......##..# #..
####..>.# .
#...........##
..##..#####.....####
....#.#####.....†..####
##
...............{..#..#
...
##.#....####...@.....#
.... #......##
####.###.##.....
##..#.†.#
...###........ #..
#.#.### #.####...#.....
#. #.<...#...
##.#....... #
#.........# #o.###.....
#####....## #.## .....
#...## #[####.....
....### ##o....?....


There were no monsters in sight!

Vanquished Creatures
  An orc priest (D:4)
  Jessica (D:2)
  2 adders (D:2)
  An orc (D:4)
  5 ball pythons
  4 bats
  8 endoplasms
  A giant cockroach (D:1)
  2 goblins
  3 hobgoblins
  4 jackals (D:2)
  2 quokkas (D:1)
  3 frilled lizards
  3 kobolds
  5 rats
45 creatures vanquished.

Notes
Turn   | Place    | Note
-------+----------+-------------------------------------------
     0 | D:1      | Ijustatesigmund the Octopode Earth Elementalist began the
                  | quest for the Orb.
     0 | D:1      | Reached XP level 1. HP: 11/11 MP: 3/3
   276 | D:1      | Found Goox's Antique Weapon Boutique.
   428 | D:1      | Found a faded altar of an unknown god.
   469 | D:1      | Reached XP level 2. HP: 17/17 MP: 3/5
  1519 | D:2      | Reached XP level 3. HP: 19/21 MP: 3/6
  1755 | D:2      | Learned a level 3 spell: Stone Arrow
  1758 | D:2      | Learned a level 2 spell: Passwall
  1902 | D:2      | Noticed Jessica
  1906 | D:2      | Killed Jessica
  1907 | D:2      | Reached skill level 1 in Conjurations
  1907 | D:2      | Reached XP level 4. HP: 27/27 MP: 6/8
  2345 | D:2      | Found a hazy altar of Hepliaklqana.
  2760 | D:4      | Reached XP level 5. HP: 19/31 MP: 0/10
  3009 | D:3      | Killed from afar by an orc wizard

Illustrated notes

Levels and vault maps discovered:
D:1:      evilmike_arrival_plus, layout_basic, serial_shops,
          nicolae_shop_behind_doors, hellmonk_ecumenical_altar_lost_god
D:2:      layout_loops_corners, basic_altar, uniq_jessica
D:3:      layout_rooms, serial_corexii_hall, corexii_hall_statues_t,
          corexii_hall_statues_x
D:4:      layout_basic, serial_shops, nicolae_shop_behind_doors

Skill      XL: |  1  2  3  4 |
---------------+-------------+-----
Spellcasting   | 3 |  3.5
Conjurations   | 1 2 |  2.2
Dodging        | |  2.0
Stealth        | |  2.6
Transmutations | |  1.0
Earth Magic    | |  3.6

Action                   |  1- 3 |  4- 6 || total
-------------------------+-------+-------++-------
Melee: Mace              |    11 |     7 ||    18
       Constrict         |     2 |     2 ||     4
       Tentacles         |       |     1 ||     1
       Morningstar       |       |    13 ||    13
 Cast: Sandblast         |    34 |    20 ||    54
       Stone Arrow       |       |     2 ||     2
  Use: Scroll            |     4 |     2 ||     6
       Potion            |       |     5 ||     5
Armor: Skin              |     2 |     3 ||     5
Dodge: Dodged            |    19 |    35 ||    54

Table legend: (Time is in decaauts)
 A = Elapsed time spent in this place.
 B = Non-inter-level travel time spent in this place.
 C = Inter-level travel time spent in this place.
 D = Time resting spent in this place.
 E = Time spent auto-exploring this place.
 F = Levels seen in this place.
 G = Mean time per level.
                   A        B        C        D        E       F      G
               +--------+--------+--------+--------+--------+-----+--------+
         Total |   3076 |   2999 |     77 |    739 |   1898 |   4 |  769.0 |
       Dungeon |   3076 |   2999 |     77 |    739 |   1898 |   4 |  769.0 |
               +--------+--------+--------+--------+--------+-----+--------+

Top non-repeatable levels by time:
     D:1: 1459 daAuts
     D:2: 1227 daAuts
     D:4: 275 daAuts
     D:3: 114 daAuts
